 Dungeon Crawl Stone Soup version 0.27.1-34-g3ba077fa99 (webtiles) character file.

Game seed: 436192411196469450

1 Akaron the Conjurer (level 1, -3/11 HPs)
             Began as an Octopode Conjurer on Jan 23, 2022.
             Slain by a goblin (4 damage)
             ... on level 1 of the Dungeon.
             The game lasted 00:00:46 (26 turns).

Akaron the Conjurer (Octopode Conjurer)               Turns: 26, Time: 00:00:46

Health: -3/11      AC:  1    Str:  6    XL:     1   Next: 20%
Magic:  1/3        EV: 13    Int: 20    God:
Gold:   0          SH:  0    Dex: 10    Spells: 3/4 levels left

rFire    . . .     SeeInvis .   c - +0 dagger
rCold    . . .     Faith    .   (no shield)
rNeg     . . .     Spirit   .   (helmet restricted)
rPois    .         Reflect  .   (no amulet)
rElec    .         Harm     .   (no ring)
rCorr    .         Rampage  .   (no ring)
Will     .....                  (no ring)
Stlth    +++.......             (no ring)
HPRegen  0.03/turn              (no ring)
MPRegen  0.08/turn              (no ring)
                                (no ring)
                                (no ring)

@: no status effects
A: almost no armour, amphibious, 8 rings, camouflage 1, gelatinous body 1,
(nimble swimmer 1), tentacles
a: no special abilities


You were on level 1 of the Dungeon.
You visited 1 branch of the dungeon, and saw 1 of its levels.

Inventory:

Hand Weapons
 c - a +0 dagger (weapon)
Scrolls
 b - a scroll of magic mapping {unknown}
Potions
 a - a potion of magic {unknown}


   Skills:
 + Level 2.0 Dodging
 + Level 2.7 Stealth
 + Level 2.0 Spellcasting
 + Level 4.0 Conjurations


You had 3 spell levels left.
You knew the following spells:

 Your Spells              Type           Power      Damage    Failure   Level
a - Magic Dart            Conj           72%        1d6       3%          1

Your spell library contained the following spells:

 Spells                   Type           Power      Damage    Failure   Level
 Searing Ray              Conj           36%        3d4       4%          2
 Dazzling Flash           Conj/Hex       20%        N/A       21%         3
 Fulminant Prism          Conj/Hex       5%         3d7       56%         4
 Iskenderun's Mystic Bla  Conj/Tloc      10%        2d4       56%         4


Dungeon Overview and Level Annotations

Branches:
Dungeon (1/15)

Altars:


Innate Abilities, Weirdness & Mutations

You cannot wear most types of armour.
You are amphibious.
You can wear up to eight rings at the same time.
Your skin changes colour to match your surroundings (Stealth+).
Your rubbery body absorbs attacks. (AC +1, EV +1)
((You are camouflaged near water. (Stealth+)))
You have tentacles for arms and can constrict up to eight enemies at once.


Message History

Found a stone staircase leading down.
A kobold comes into view. It is wielding a +0 dagger.
A kobold is nearby!
A kobold comes into view. It is wielding a +0 short sword.
Aiming: Magic Dart (safe; 3% risk of failure)
Press: ? - help, Q - select action Shift-Dir - straight line, f - kobold
Aim: a kobold, wielding a +0 dagger and quivering stones (asleep, 100% to hit)
The magic dart hits the kobold.
The kobold is moderately wounded.
The kobold shouts!
The kobold throws a stone.
The stone hits you.
Aiming: Magic Dart (safe; 3% risk of failure)
Press: ? - help, Q - select action Shift-Dir - straight line, f/p - kobold
Aim: a kobold, wielding a +0 dagger and quivering stones (moderately wounded, 100% to hit)
The magic dart hits the kobold.
You kill the kobold!
Aiming: Magic Dart (safe; 3% risk of failure)
Press: ? - help, Q - select action Shift-Dir - straight line, f - kobold
Aim: a kobold, wielding a +0 short sword (100% to hit)
The magic dart hits the kobold.
The kobold is severely wounded.
A goblin comes into view. It is wielding a +0 club.
You don't have enough magic to cast this spell.
A rat comes into view.
The rat bites you.
The goblin shouts!
The goblin closely misses you.
Things that are here:
a +0 dagger; 4 stones
c - a +0 dagger The goblin hits you with a +0 club.
* * * LOW HITPOINT WARNING * * *
The rat bites you.
* * * LOW HITPOINT WARNING * * *
There are monsters nearby!
c - a +0 dagger (weapon)
You hit the rat. Your grab misses the rat.
The rat is heavily wounded.
The goblin hits you with a +0 club.
You die...

...............
#.....#.......
............#
...#..#....#
..##.....#.#
++++++.##.#..K..##
+....+.##...##...#
+.<..+.##.#####g.#.#
+....'.##.###.@r...#
+....+.......>##.#.....
++++++........# .....##
....................##
...............g....#
..............##....#
.#...........?# .....
#.#..................
...#..........##


You could see a goblin and a rat.

Vanquished Creatures
  A kobold (D:1)
1 creature vanquished.

Notes
Turn   | Place    | Note
-------+----------+-------------------------------------------
     0 | D:1      | Akaron the Octopode Conjurer began the quest for the Orb.
     0 | D:1      | Reached XP level 1. HP: 11/11 MP: 3/3
    26 | D:1      | Slain by a goblin

Illustrated notes

Levels and vault maps discovered:
D:1:      lightli_arrival_maybe_door_vault, layout_rooms,
          hellmonk_ecumenical_altar_crossroads, minmay_hexomino_f4

Action                   || total
-------------------------++-------
Melee: Dagger            ||     1
 Cast: Magic Dart        ||     3
Dodge: Dodged            ||     1
